 Dungeon Crawl Stone Soup version 0.22.1-2-g9c5b331 (webtiles) character file.

35096 diana the Fighter (level 13, -7/123 HPs)
             Began as a Demonspawn Gladiator on Nov 16, 2018.
             Was a Believer of Ru.
             Mangled by a catoblepas (11 damage)
             ... on level 14 of the Dungeon.
             The game lasted 00:35:05 (16759 turns).

diana the Fighter (Demonspawn Gladiator)           Turns: 16759, Time: 00:35:06

Health: -7/123     AC: 15    Str: 21    XL:     13   Next: 45%
Magic:  13/13      EV: 20    Int: 14    God:    Ru [**....]
Gold:   316        SH:  4    Dex: 19    Spells: 12/12 levels left

rFire    + . .     SeeInvis .   H - +3 falchion "Karhyiw" {flame, rF+ Stlth+}
rCold    . . .     Gourm    .   y - +0 buckler
rNeg     . . .     Faith    .   D - +4 ring mail of Negligence {Regen+ Str+2 Int+4 Stlth-}
rPois    .         Spirit   .   c - +0 helmet
rElec    .         Reflect  .   (no cloak)
rCorr    .         Harm     .   (no gloves)
MR       .....     Rnd*Tele +   (no boots)
Stlth    ++........             z - amulet of regeneration
HPRegen  1.10/turn              V - +3 ring of protection
MPRegen  0.13/turn              Y - +6 ring of dexterity

@: no potions
A: hooves 1, repulsion field 1, clumsy 1, nightstalker 1, robust 1, spiny 3,
teleportitis 1, inability to drink while threatened, no air magic, no charms
magic, no transmutations magic
a: Renounce Religion


You were on level 14 of the Dungeon.
You worshipped Ru.
Ru was pleased with you.
You were very hungry.

You visited 3 branches of the dungeon, and saw 17 of its levels.
You also visited: Labyrinth and Ossuary.

You collected 959 gold pieces.
You spent 643 gold pieces at shops.

Inventory:

Hand Weapons
 H - the +3 falchion "Karhyiw" (weapon) {flame, rF+ Stlth+}
   (You took it off an orc on level 7 of the Dungeon)

   It has been specially enchanted to burn those struck by it, causing extra
   injury to most foes and up to half again as much damage against particularly
   susceptible opponents.
   Big, fiery blades are also staple armaments of hydra-hunters.
   It protects you from fire.
   It makes you more stealthy.
Armour
 c - a +0 helmet (worn)
 y - a +0 buckler (worn)
 D - the +4 ring mail of Negligence (worn) {Regen+ Str+2 Int+4 Stlth-}
   (You found it on level 5 of the Dungeon)

   It affects your strength (+2).
   It affects your intelligence (+4).
   It increases your rate of regeneration.
   It makes you less stealthy.
Jewellery
 l - an uncursed ring of positive energy
 m - a +3 ring of protection
 n - an uncursed ring of ice
 z - an amulet of regeneration (around neck)
 Q - an uncursed ring of protection from fire
 T - an uncursed ring of resist corrosion
 U - the amulet "Luneat" {Acrobat *Corrode +Inv +Fly rF+}
   (You found it on level 10 of the Dungeon)

   [amulet of the acrobat]

   It helps you evade while moving and waiting.
   It protects you from fire.
   It lets you turn invisible.
   It lets you fly.
   It may corrode you when you take damage.
 V - a +3 ring of protection (left hand)
 Y - a +6 ring of dexterity (right hand)
Wands
 a - a wand of polymorph (27)
 e - a wand of flame (26)
 E - a wand of paralysis (10)
 I - a wand of acid (12)
 K - a wand of clouds (3)
 L - a wand of digging (6)
 M - a wand of disintegration (13)
 P - a wand of iceblast (30)
Scrolls
 b - 4 scrolls of random uselessness
 g - 3 scrolls of magic mapping
 h - 5 scrolls of fear
 i - 9 scrolls of remove curse
 j - 11 scrolls of teleportation
 o - 4 scrolls of enchant weapon {unknown}
 q - a scroll of vulnerability {unknown}
 s - a scroll of torment {unknown}
 t - 3 scrolls of amnesia {unknown}
 u - 4 scrolls of immolation
 w - 4 scrolls of fog {unknown}
 C - a scroll of enchant armour {unknown}
 G - a scroll of blinking {unknown}
 N - 5 scrolls of noise {unknown}
 R - 2 scrolls of summoning {unknown}
Potions
 k - a potion of cancellation
 p - 8 potions of flight
 r - 4 potions of curing
 v - a potion of brilliance
 x - a potion of haste
 B - 3 potions of ambrosia
 J - a potion of lignification
 X - 2 potions of agility
Miscellaneous
 S - a fan of gales
Comestibles
 f - 33 rations


   Skills:
 * Level 13.7 Fighting
 - Level 11.7 Long Blades
 - Level 1.7 Throwing
 + Level 9.1 Armour
 + Level 9.6 Dodging


You had 12 spell levels left.
You didn't know any spells.
Your spell library contained the following spells:

 Spells                   Type           Power        Failure   Level  Hunger
 Flame Tongue             Conj/Fire      #....        58%         1    ##.....
 Magic Dart               Conj           #...         58%         1    ##.....
 Blink                    Tloc           N/A          73%         2    ###....
 Call Imp                 Summ           #.......     73%         2    ###....
 Searing Ray              Conj           #.....       73%         2    ###....
 Slow                     Hex            #.......     73%         2    ###....
 Throw Flame              Conj/Fire      #.....       73%         2    ###....
 Conjure Flame            Conj/Fire      #.......     91%         3    ####...
 Dazzling Spray           Conj/Hex       #.....       91%         3    ####...
 Inner Flame              Hex/Fire       #.......     91%         3    ####...
 Force Lance              Conj/Tloc      #.......     100%        4    #####..
 Fulminant Prism          Conj/Hex       #.........   100%        4    #####..
 Iskenderun's Mystic Bla  Conj           #.......     100%        4    #####..
 Sticky Flame             Conj/Fire      #.......     100%        4    #####..
 Fireball                 Conj/Fire      #.........   100%        5    ######.
 Mephitic Cloud           Conj/Pois/Air  Unusable     N/A         3    N/A

Dungeon Overview and Level Annotations

Branches:
Dungeon (14/15)            Temple (1/1) D:6            Lair (2/6) D:11
    Orc (0/2) D:12         Vaults (0/5) D:14
  Swamp: Lair:2-4    Shoals: Lair:2-4     Snake: Lair:2-4    Spider: Lair:2-4

Altars:
Ashenzari
Cheibriados
Dithmenos
Elyvilon
Fedhas
Gozag
Hepliaklqana
Kikubaaqudgha
Makhleb
Nemelex Xobeh
Okawaru
Qazlal
Ru
Sif Muna
Trog
Uskayaw
Vehumet
Wu Jian
Xom
Yredelemnul
Zin
The Shining One

Shops:
D:12 =   D:13 *

Annotations:
D:8 1 transporter, Sharpo's ghost, novice GrFi
D:10 1 runed door, Lauz's ghost, novice MiBe
Lair:1 3 runed doors, Loge's ghost, journeyman HOMo; smtktc's ghost, novice DECj


Innate Abilities, Weirdness & Mutations

You have large cloven feet.
You are surrounded by a mild repulsion field. (EV +2)
You are slightly more attuned to the shadows.
You are completely covered in sharp spines.
You cannot drink potions while threatened.
You cannot study or cast Air magic.
You cannot study or cast Charms magic.
You cannot study or cast Transmutations magic.
You are clumsy. (Dex -2)
You are robust. (+10% HP)
You are occasionally teleported next to monsters.


Message History

The catoblepas gores you!
* * * LOW HITPOINT WARNING * * *
The catoblepas is struck by your spines.
The catoblepas gores you!
* * * LOW HITPOINT WARNING * * *
The catoblepas breathes a plume of calcifying dust at you.
The blast of calcifying dust hits you!
* * * LOW HITPOINT WARNING * * *
You are engulfed in calcifying dust.
The catoblepas breathes a plume of calcifying dust at you.
The blast of calcifying dust hits you!
You turn to flesh and can move again.
You cannot drink potions in your current state!
As you read the scroll of fear, it crumbles to dust.
You assume a fearsome visage.
The catoblepas resists with some effort.
You are engulfed in calcifying dust.
The catoblepas is struck by your spines.
The catoblepas gores you!
You die...

.)#...###'#######
..#...#...#
..#.).'...#
###...###### #..##
#.# ##.######.#
#.........#
#.######..#
########## ##.#
#..# #ยงยง@Y....#
##.####
#..###.######.#***
.....:###...##.#
*,,,,,,,*
##.##.##.....#.#
*,,,,,,,*
##.#*..........#
*,,,,,,,*
#.#*####..#####
*,,,,,,,*
#..,,,....#
**,,,,,,,*
###**####.#
*,,,,,,,,* ###
*#'** *,,,,,,,,*


You could see a catoblepas.

Vanquished Creatures
  A minotaur (Lab)
  4 hydras
  Erolcha (D:12)
  A centaur warrior (D:14)
  4 two-headed ogres
  3 skeletal warriors (D:14)
  A deep elf knight (D:13)
  4 unseen horrors
  A wizard (D:14)
  A lindwurm (shapeshifter) (D:13)
  A necromancer (D:14)
  A deep elf mage (D:10)
  Pikel (D:7)
  2 ugly things
  A manticore (D:13)
  A cyclops (D:13)
  2 spiny frogs
  3 gargoyles
  2 komodo dragons
  2 freezing wraiths
  A polar bear (shapeshifter) (D:13)
  A hornet (D:11)
  4 trolls
  A meliai (D:10)
  10 slime creatures (D:13)
  6 blink frogs
  7 hippogriffs
  A shadow (D:10)
  A centaur simulacrum (D:10)
  A vampire (D:10)
  A human (D:11)
  A wraith (D:13)
  13 yaks
  3 hogs (D:11)
  2 basilisks (Lair:1)
  A steam dragon (D:11)
  2 vampire mosquitoes
  A hungry ghost (D:11)
  Menkaure (D:7)
  An acid dragon (D:12)
  3 water moccasins
  5 orc warriors
  2 porcupines (Lair:2)
  A slave (D:7)
  5 ice beasts
  A hornet zombie (D:10)
  3 sky beasts
  An eye of draining (D:13)
  A necrophage (D:8)
  2 phantoms
  6 wolves (Lair:2)
  5 ogres
  2 crocodiles
  10 centaurs
  3 big kobolds
  10 bullfrogs
  A water moccasin zombie (D:9)
  A wyvern skeleton (D:10)
  7 scorpions
  3 killer bees (D:9)
  7 wights (D:10)
  10 howler monkeys
  5 centaur zombies
  3 crimson imps
  2 bullfrog zombies
  2 quasits (D:10)
  5 jellies
  5 hounds
  5 orc priests
  4 bullfrog skeletons
  5 centaur skeletons
  An iron imp (D:7)
  Terence (D:2)
  9 orc wizards
  4 iguanas
  13 worker ants
  2 hound skeletons
  2 mummies (Ossuary)
  2 worker ant zombies
  A howler monkey zombie (D:7)
  A gnoll (D:1)
  11 adders
  4 shadow imps
  2 oozes
  5 worms
  A dart slug (D:2)
  5 leopard geckos
  39 orcs
  6 giant cockroaches
  12 goblins
  3 hobgoblins
  5 jackals (D:3)
  32 kobolds
  6 quokkas
  7 bats
  A frilled lizard (D:2)
  10 hobgoblin zombies (Ossuary)
  3 jackal zombies (Ossuary)
  11 kobold zombies (Ossuary)
  8 orc zombies (Ossuary)
  5 rats
  2 rat zombies (Ossuary)
435 creatures vanquished.

Vanquished Creatures (others)
  An orc (D:7)
  A fungus (Lair:1)
  2 plants (D:11)
  4 withered plants (Lair:1)
8 creatures vanquished.

Grand Total: 443 creatures vanquished

Notes
Turn   | Place    | Note
-------+----------+-------------------------------------------
     0 | D:1      | diana the Demonspawn Gladiator began the quest for the Orb.
     0 | D:1      | Reached XP level 1. HP: 16/16 MP: 1/1
   530 | D:2      | Gained mutation: You are partially covered in sharp spines.
                  | [demonic ancestry]
   530 | D:2      | Reached XP level 2. HP: 3/22 MP: 2/2
  1232 | D:2      | Found a hide-covered altar of Uskayaw.
  1287 | D:2      | Reached XP level 3. HP: 24/27 MP: 3/3
  1417 | D:2      | Noticed Terence
  1439 | D:2      | Killed Terence
  1559 | D:2      | Reached XP level 4. HP: 25/33 MP: 4/4
  1585 | D:2      | Found a shattered altar of Ashenzari.
  2012 | D:1      | Reached skill level 5 in Long Blades
  2475 | D:3      | Gained mutation: You have large cloven feet. [demonic
                  | ancestry]
  2475 | D:3      | Reached XP level 5. HP: 38/38 MP: 5/5
  2618 | D:3      | Found an ornate altar of the Wu Jian Council.
  2784 | D:3      | Found a sparkling altar of Nemelex Xobeh.
  3023 | D:4      | Noticed an ice beast
  3032 | D:4      | Killed an ice beast
  3121 | D:4      | Gained mutation: You are slightly more attuned to the
                  | shadows. [demonic ancestry]
  3121 | D:4      | Reached XP level 6. HP: 24/44 MP: 6/6
  3831 | D:4      | Found an ancient bone altar of Kikubaaqudgha.
  4047 | D:4      | Found a deep blue altar of Sif Muna.
  4074 | D:5      | Entered Level 5 of the Dungeon
  4638 | D:5      | Gained mutation: You are mostly covered in sharp spines.
                  | [demonic ancestry]
  4638 | D:5      | Reached XP level 7. HP: 29/50 MP: 7/7
  4946 | D:5      | Got a distressingly furry ring mail
  4949 | D:5      | Identified the +4 ring mail of Negligence {Regen+ Str+2
                  | Int+4 Stlth-} (You found it on level 5 of the Dungeon)
  5367 | D:6      | Gained mutation: You are surrounded by a mild repulsion
                  | field. (EV +2) [demonic ancestry]
  5367 | D:6      | Reached XP level 8. HP: 42/56 MP: 8/8
  5525 | D:6      | Found a sand-covered staircase.
  5560 | Ossuary  | Entered an ossuary
  5669 | Ossuary  | Reached skill level 10 in Long Blades
  6048 | D:6      | Found a staircase to the Ecumenical Temple.
  6457 | D:7      | Found a white marble altar of Elyvilon.
  6499 | D:7      | Noticed Menkaure
  6508 | D:7      | Killed Menkaure
  6508 | D:7      | Gained mutation: You are completely covered in sharp
                  | spines. [demonic ancestry]
  6508 | D:7      | Reached XP level 9. HP: 32/61 MP: 9/9
  6531 | D:7      | Noticed Pikel
  6567 | D:7      | Got a shimmering falchion {flame}
  6589 | D:7      | Killed Pikel
  6717 | D:7      | Identified the +3 falchion "Karhyiw" {flame, rF+ Stlth+}
                  | (You took it off an orc on level 7 of the Dungeon)
  6742 | D:7      | Found a burning altar of Makhleb.
  6850 | D:7      | Found a basalt altar of Yredelemnul.
  7054 | Temple   | Entered the Ecumenical Temple
  7151 | Temple   | Became a worshipper of Ru the Awakened
  7192 | D:8      | Reached skill level 1 in Armour
  7205 | D:8      | Reached skill level 3 in Fighting
  7437 | D:8      | Noticed a two-headed ogre
  7443 | D:8      | Reached skill level 4 in Fighting
  7451 | D:8      | Killed a two-headed ogre
  7451 | D:8      | Reached skill level 5 in Fighting
  7451 | D:8      | Reached XP level 10. HP: 22/74 MP: 10/10
  7577 | D:8      | Found a transporter.
  7578 | D:8      | Noticed Sharpo's ghost (novice GrFi)
  7814 | D:8      | Found a snail-covered altar of Cheibriados.
  8170 | D:9      | Reached skill level 6 in Fighting
  8410 | D:9      | Gained mutation: You cannot study or cast Air magic. [Ru
                  | sacrifice]
  8410 | D:9      | Gained mutation: You cannot study or cast Transmutations
                  | magic. [Ru sacrifice]
  8410 | D:9      | Gained mutation: You cannot study or cast Charms magic. [Ru
                  | sacrifice]
  8410 | D:9      | Reached * piety under Ru
  8959 | D:9      | Got a smoking robe
  8970 | D:9      | Identified the +1 robe of the Barber Surgeon {+Inv MR+
                  | Stlth+} (You found it on level 9 of the Dungeon)
  9038 | D:10     | Entered Level 10 of the Dungeon
  9172 | D:10     | Reached skill level 5 in Dodging
  9349 | D:10     | Reached skill level 7 in Fighting
  9356 | D:10     | Noticed a two-headed ogre
  9365 | D:10     | Killed a two-headed ogre
  9629 | D:10     | Reached skill level 8 in Fighting
  9638 | D:10     | Found a runed door.
  9638 | D:10     | Found a shimmering altar of Xom.
  9638 | D:10     | Noticed a trident of chaos
  9638 | D:10     | Noticed Lauz's ghost (novice MiBe)
  9945 | D:10     | Killed an unseen horror
  9945 | D:10     | Reached skill level 5 in Armour
  9945 | D:10     | Reached XP level 11. HP: 43/87 MP: 11/11
 10047 | D:10     | Killed an unseen horror
 10071 | D:10     | Reached skill level 9 in Fighting
 10076 | D:10     | Noticed a deep elf mage
 10083 | D:10     | Killed a deep elf mage
 10256 | D:10     | Got a flickering silver amulet
 10259 | D:10     | Identified the amulet "Luneat" {Acrobat *Corrode +Inv +Fly
                  | rF+} (You found it on level 10 of the Dungeon)
 10489 | D:10     | Noticed a two-headed ogre
 10498 | D:10     | Killed a two-headed ogre
 10833 | D:11     | Reached skill level 10 in Fighting
 11142 | D:11     | Noticed a seven-headed hydra
 11152 | D:11     | Killed a two-headed hydra
 11347 | D:11     | Found a staircase to the Lair.
 11563 | D:12     | Noticed Erolcha
 11598 | D:12     | Found a staircase to the Orcish Mines.
 11598 | D:12     | Noticed a red ugly thing
 11608 | D:12     | Killed a red ugly thing
 11608 | D:12     | Reached XP level 12. HP: 88/99 MP: 12/12
 11639 | Lair:1   | Entered Level 1 of the Lair of Beasts
 11677 | Lair:1   | Reached skill level 11 in Fighting
 11776 | Lair:1   | Noticed a six-headed hydra
 11781 | Lair:1   | Killed a four-headed hydra
 12008 | Lair:1   | Found a runed gate.
 12008 | Lair:1   | Found a runed gate.
 12008 | Lair:1   | Found a runed gate.
 12009 | Lair:1   | Noticed Loge's ghost (journeyman HOMo)
 12009 | Lair:1   | Noticed smtktc's ghost (novice DECj)
 13434 | D:12     | Killed Erolcha
 13441 | D:12     | Found Dexkov's Jewellery Shoppe.
 13454 | D:12     | Bought a +6 ring of dexterity for 643 gold pieces
 13468 | D:12     | Reached skill level 12 in Fighting
 14494 | D:13     | Noticed a four-headed hydra
 14507 | D:13     | Killed a two-headed hydra
 14654 | D:13     | Reached XP level 13. HP: 109/109 MP: 13/13
 14664 | D:13     | Found Calacs's General Store.
 14804 | D:13     | Reached skill level 13 in Fighting
 15304 | D:14     | Found a shimmering altar of Xom.
 15306 | D:14     | Found a shimmering altar of Xom.
 15307 | D:14     | Found a shimmering altar of Xom.
 15308 | D:14     | Found a shimmering altar of Xom.
 15308 | D:14     | Found a shimmering altar of Xom.
 15308 | D:14     | Found a shimmering altar of Xom.
 15310 | D:14     | Found a shimmering altar of Xom.
 15351 | D:14     | Found a labyrinth entrance.
 15362 | Lab      | Entered a labyrinth
 15751 | Lab      | Noticed a minotaur
 15780 | Lab      | Gained mutation: You are occasionally teleported next to
                  | monsters. [potion of mutation]
 15780 | Lab      | Gained mutation: You are clumsy. (Dex -2) [potion of
                  | mutation]
 15780 | Lab      | Gained mutation: You are robust. (+10% HP) [potion of
                  | mutation]
 15806 | Lab      | Killed a minotaur
 15808 | Lab      | Got a slimy chain mail
 16090 | D:14     | Gained mutation: You cannot drink potions while threatened.
                  | [Ru sacrifice]
 16090 | D:14     | Reached ** piety under Ru
 16283 | D:14     | Identified the cursed +0 chain mail of Insurance {rC+
                  | Dex+3} (You took it off a minotaur in a labyrinth)
 16468 | D:14     | Found a gate to the Vaults.
 16755 | D:14     | HP: 5/123 [catoblepas (5)]
 16756 | D:14     | HP: 2/123 [catoblepas (5)]
 16759 | D:14     | Mangled by a catoblepas

Skill      XL: |  1  2  3  4  5  6  7  8  9 10 11 12 13 |
---------------+----------------------------------------+-----
Long Blades    | 3 4 5 6 7 9 11 | 11.7
Armour         | 2 5 6 8 9 |  9.1
Dodging        | 4 5 7 9 |  9.6
Fighting       | 5 8 10 12 13 | 13.7
Throwing       | |  1.7

Action                   |  1- 3 |  4- 6 |  7- 9 | 10-12 | 13-15 || total
-------------------------+-------+-------+-------+-------+-------++-------
Melee: Long sword        |    70 |   143 |   199 |       |       ||   412
       Kick              |       |    24 |   102 |   312 |   133 ||   571
       Falchion          |       |       |    44 |   633 |   251 ||   928
Throw: Throwing net      |     3 |       |     1 |     1 |     1 ||     6
Invok: Sacrifice Arcana  |       |       |       |     1 |       ||     1
       Reject Sacrifices |       |       |       |     1 |       ||     1
       Sacrifice Drink   |       |       |       |       |     1 ||     1
Evoke: Wand              |       |       |     1 |       |     3 ||     4
  Use: Potion            |     3 |     3 |       |       |    15 ||    21
       Scroll            |       |     1 |     4 |     6 |     6 ||    17
 Stab: Sleeping          |       |       |     2 |     3 |     1 ||     6
       Held in net/web   |       |       |     1 |       |     1 ||     2
       Distracted        |       |       |       |     1 |     1 ||     2
       Invisible         |       |       |       |       |     3 ||     3
  Eat: Chunk             |     2 |     6 |     6 |    17 |     3 ||    34
       Ration            |       |     1 |     1 |     2 |     1 ||     5
Armor: Leather armour    |    14 |       |       |       |       ||    14
       Ring mail         |     1 |    51 |    69 |   178 |    53 ||   352
       Skin              |       |       |       |       |    16 ||    16
Dodge: Dodged            |    69 |    75 |   127 |   393 |   131 ||   795
Block: Buckler           |       |     4 |    29 |    82 |    32 ||   147
       Rpst.: Long sword |    15 |    25 |    38 |       |       ||    78
       Falchion          |       |       |     8 |    83 |    23 ||   114
